[Event "Seniors-LEM-65 Sachsen-Anhalt 2024"]
[Site "Magdeburg"]
[Date "2024.07.04"]
[Round "4.1"]
[White "Kahe, Ralph"]
[Black "Kolthoff, Siegmund"]
[Result "1-0"]
[ECO "E36"]
[WhiteElo "2129"]
[BlackElo "2090"]
[Annotator "RC"]
[PlyCount "141"]
[EventDate "2024.06.25"]
[EventType "swiss"]
[EventCountry "GER"]
[SourceTitle "playchess.com"]
[Source "ChessBase"]
[SourceQuality "1"]
[TimeControl "40/5400+30:1800+30"]

1. d4 Nf6 2. c4 e6 3. Nc3 Bb4 4. Qc2 d5 5. a3 Bxc3+ 6. Qxc3 O-O 7. Nf3 b6 8. cxd5 exd5 9. Bg5 Bb7 10. Bxf6 gxf6 11. e3 Nd7 12. Bd3 Re8 13. O-O Rc8 14. Bf5 Rb8 15. Rfc1 c6 16. b4 Nf8 17. a4 a6 18. a5 Ng6 19. Bd3 b5 20. Qc2 Qd6 21. Rab1 Re7 22. Nd2 Rc7 23. Nf1 Bc8 24. Qd1 Qe6 25. Qf3 Kh8 26. Ng3 Bd7 27. Nh5 f5 28. Ng3 Ne7 29. Nh5 Rg8 30. Nf4 Qd6 31. Rc5 Rcc8 32. g3 Rg7 33. Ng2 Qe6 34. Nh4 Rcg8 35. Kh1 Rg4 36. Rcc1 R4g5 37. Re1 Nc8 38. Qf4 Nd6 39. Qe5+ f6 40. Qxe6 Bxe6 41. Rbc1 Bd7 42. Kg1 Re8 43. Nf3 Rg7 44. Nd2 Rge7 45. Kg2 Kg7 46. Nb3 Kh8 47. Nc5 Bc8 48. Kf3 Rg7 49. Rh1 Rg4 50. h3 Rg7 51. Nxa6 Nc4 52. Nc5 Rge7 53. Rce1 Nd6 54. Nb3 Be6 55. Nc1 Bf7 56. Ne2 Bh5+ 57. g4 Bg6 58. Nf4 fxg4+ 59. hxg4 Bxd3 60. Nxd3 Rg8 61. Rh6 Ne4 62. Reh1 Ng5+ 63. Ke2 Ne6 64. Kd2 Rxg4 65. Rxf6 Kg7 66. Rfh6 Kg8 67. Ne5 Rg2 68. R1h2 Rxh2 69. Rxh2 Ng5 70. Rg2 Rg7 71. Ke2 1-0

[Event "Seniors-LEM-65 Sachsen-Anhalt 2024"]
[Site "Magdeburg"]
[Date "2024.07.04"]
[Round "4.2"]
[White "Schnelzer, Reinhold"]
[Black "Bregler, Herbert"]
[Result "1-0"]
[ECO "D37"]
[WhiteElo "2162"]
[BlackElo "1952"]
[Annotator "RC"]
[PlyCount "57"]
[EventDate "2024.06.25"]
[EventType "swiss"]
[EventCountry "GER"]
[SourceTitle "playchess.com"]
[Source "ChessBase"]
[SourceQuality "1"]
[TimeControl "40/5400+30:1800+30"]

1. d4 Nf6 2. c4 e6 3. Nf3 d5 4. Nc3 Be7 5. Bf4 O-O 6. e3 b6 7. cxd5 Nxd5 8. Nxd5 Qxd5 9. Be2 c5 10. dxc5 Bb7 11. Qxd5 Bxd5 12. cxb6 Bb4+ 13. Kf1 axb6 14. a3 Be7 15. Ne5 f6 16. Nd3 e5 17. Bg3 Nd7 18. f3 Rfc8 19. Kf2 b5 20. Rhc1 Nb6 21. Rxc8+ Rxc8 22. Rc1 Rxc1 23. Nxc1 b4 24. axb4 Bxb4 25. Bb5 Bd2 26. Nd3 Kf7 27. Ke2 Bc4 28. Bxc4+ Nxc4 29. b3 1-0

[Event "Seniors-LEM-65 Sachsen-Anhalt 2024"]
[Site "Magdeburg"]
[Date "2024.07.04"]
[Round "4.3"]
[White "Jacob, Helmut"]
[Black "Okrajek, Alexander"]
[Result "1/2-1/2"]
[ECO "B06"]
[WhiteElo "2047"]
[BlackElo "2163"]
[Annotator "RC"]
[PlyCount "105"]
[EventDate "2024.06.25"]
[EventType "swiss"]
[EventCountry "GER"]
[SourceTitle "playchess.com"]
[Source "ChessBase"]
[SourceQuality "1"]
[TimeControl "40/5400+30:1800+30"]

1. e4 g6 2. d4 Bg7 3. Nc3 d6 4. Be3 a6 5. h3 b5 6. a3 Nd7 7. Nge2 Bb7 8. g3 a5 9. Bg2 b4 10. Nd5 Ngf6 11. Nxf6+ Nxf6 12. d5 O-O 13. O-O Qd7 14. Qd2 c5 15. dxc6 Qxc6 16. f3 Ba6 17. Nd4 Qb7 18. Rfb1 Bc4 19. axb4 axb4 20. Rxa8 Rxa8 21. b3 Be6 22. Nxe6 fxe6 23. Bf2 Nd7 24. Rd1 Rc8 25. Bf1 Bc3 26. Qe3 Kg7 27. Bc4 e5 28. Qe2 Rf8 29. Kg2 Nf6 30. Qd3 Ra8 31. Qe2 Ra2 32. Be3 Qa8 33. Bd3 e6 34. Bg5 d5 35. Qe3 Nd7 36. Bh6+ Kg8 37. Qg5 Kf7 38. Qe3 Qa7 39. Qxa7 Rxa7 40. Be3 Ra2 41. Kf1 d4 42. Bd2 Nc5 43. Ke2 Kf6 44. h4 Kg7 45. Rb1 Kf7 46. Bg5 Nd7 47. Rh1 Nf6 48. Bxf6 Kxf6 49. Rf1 Ra1 50. Rxa1 Bxa1 51. Kf2 Bc3 52. Kg2 Be1 53. Bc4 1/2-1/2

[Event "Seniors-LEM-65 Sachsen-Anhalt 2024"]
[Site "Magdeburg"]
[Date "2024.07.04"]
[Round "4.4"]
[White "Lapp, Karl"]
[Black "Babrikowski, Peter"]
[Result "0-1"]
[ECO "A46"]
[WhiteElo "2001"]
[BlackElo "2129"]
[Annotator "NA RC"]
[PlyCount "56"]
[EventDate "2024.06.25"]
[EventType "swiss"]
[EventCountry "GER"]
[SourceTitle "playchess.com"]
[Source "ChessBase"]
[SourceQuality "1"]
[TimeControl "40/5400+30:1800+30"]

1. d4 Nf6 2. Nf3 e6 3. Bf4 c5 4. e3 Nc6 5. Nc3 cxd4 6. Nb5 d6 7. exd4 a6 8. Nc3 Qa5 9. Bd3 Nb4 10. O-O Nxd3 11. Qxd3 Be7 12. Rfe1 O-O 13. Bg5 h6 14. Bd2 Qc7 15. Ne4 Bd7 16. Nxf6+ Bxf6 17. Re4 Bb5 $17 18. Qa3 Qxc2 19. Rg4 Kh8 20. Qxd6 Qxb2 21. Re1 Bc6 22. Bxh6 gxh6 23. Qf4 Bg7 24. Rh4 Bxf3 25. Rxh6+ Kg8 26. gxf3 Qxd4 27. Re4 Qa1+ 28. Kg2 Rfd8 0-1

[Event "Seniors-LEM-65 Sachsen-Anhalt 2024"]
[Site "Magdeburg"]
[Date "2024.07.04"]
[Round "4.5"]
[White "Broemel, Richard"]
[Black "Bauer, Burkhard"]
[Result "1-0"]
[ECO "D02"]
[WhiteElo "2123"]
[BlackElo "2043"]
[Annotator "NA RC"]
[PlyCount "83"]
[EventDate "2024.06.25"]
[EventType "swiss"]
[EventCountry "GER"]
[SourceTitle "playchess.com"]
[Source "ChessBase"]
[SourceQuality "1"]
[TimeControl "40/5400+30:1800+30"]

1. d4 d5 2. Nf3 Nf6 3. Bf4 g6 4. e3 Bg7 5. Nbd2 O-O 6. Bd3 b6 7. Qe2 {[%emt 0:00:36] D02: 1 d4 d5 2 Nf3 sidelines, including 2...Nf6 3 g3 and 2...Nf6 3 Bf4.} Bb7 8. h4 c5 9. c3 Nc6 10. h5 Re8 (10... Nxh5 $11 11. Rxh5 gxh5) 11. hxg6 hxg6 12. Ne5 Qc8 13. f3 Nd7 14. Nxg6 fxg6 15. Bxg6 e5 16. dxe5 Ndxe5 17. Bxe8 Ba6 18. Bxc6 Bxe2 19. Bxd5+ Kf8 20. Bxa8 Ba6 21. Be4 Nd3+ 22. Bxd3 Bxd3 23. Kf2 Qa6 24. Bh6 Bg6 25. Bxg7+ Kxg7 $18 26. c4 Qa5 27. Ke2 b5 28. e4 Bf7 29. Rhc1 a6 30. b3 b4 31. Rc2 Qc7 32. Nf1 Qe5 33. Rd1 a5 34. Ne3 Be6 35. Rd8 Qc7 36. Rcd2 Kf7 37. R8d6 Qe7 38. Ra6 Qc7 39. Rdd6 Bc8 40. Rac6 Qe7 41. Nd5 Qg5 42. Rc7+ 1-0

[Event "Seniors-LEM-65 Sachsen-Anhalt 2024"]
[Site "Magdeburg"]
[Date "2024.07.04"]
[Round "4.6"]
[White "Waltenberger, Udo"]
[Black "Erler, Rainer"]
[Result "1/2-1/2"]
[ECO "D34"]
[WhiteElo "1993"]
[BlackElo "2121"]
[Annotator "NA RC"]
[PlyCount "29"]
[EventDate "2024.06.25"]
[EventType "swiss"]
[EventCountry "GER"]
[SourceTitle "playchess.com"]
[Source "ChessBase"]
[SourceQuality "1"]
[TimeControl "40/5400+30:1800+30"]

1. Nf3 d5 2. g3 c5 3. Bg2 Nc6 4. d4 e6 $11 5. O-O Nf6 6. c4 Be7 7. cxd5 exd5 8. Nc3 O-O 9. b3 cxd4 10. Nxd4 Bc5 11. Nxc6 bxc6 12. Bb2 Re8 13. e3 Bf5 14. Rc1 Bf8 15. Na4 1/2-1/2

[Event "Seniors-LEM-65 Sachsen-Anhalt 2024"]
[Site "Magdeburg"]
[Date "2024.07.04"]
[Round "4.7"]
[White "Lorenz, Dietmar"]
[Black "Leibovitch, Iziaslav"]
[Result "0-1"]
[ECO "E60"]
[WhiteElo "1981"]
[BlackElo "2105"]
[Annotator "NA RC"]
[PlyCount "83"]
[EventDate "2024.06.25"]
[EventType "swiss"]
[EventCountry "GER"]
[SourceTitle "playchess.com"]
[Source "ChessBase"]
[SourceQuality "1"]
[TimeControl "40/5400+30:1800+30"]

1. Nf3 Nf6 2. c4 g6 3. g3 Bg7 4. Bg2 O-O 5. O-O d6 6. d4 Nc6 7. Bd2 Ne4 8. Be1 e5 9. d5 Nb8 10. Nc3 Nxc3 11. Bxc3 f5 {[%emt 0:03:01] [#]} 12. e4 $1 Nd7 $11 13. Nd2 f4 14. b4 Nf6 15. c5 Nh5 16. g4 f3 17. Bxf3 Nf4 18. Bg2 Qh4 19. f3 Bd7 20. Nc4 Bb5 21. Be1 Qe7 22. Rc1 Bh6 23. a4 Bxa4 24. Qxa4 Nxg2 25. Kxg2 Bxc1 26. Na5 b6 27. cxd6 cxd6 28. Nc6 Qf7 29. Bh4 g5 30. Be1 a6 31. Qb3 Bf4 32. Bf2 b5 33. Bb6 Rfc8 34. Qd3 h5 35. h3 Kg7 36. Bf2 Rh8 37. Bg3 Bxg3 38. Kxg3 Raf8 39. Qe3 Kg6 40. Qd2 hxg4 41. hxg4 Qh7 42. Qg2 0-1

[Event "Seniors-LEM-65 Sachsen-Anhalt 2024"]
[Site "Magdeburg"]
[Date "2024.07.04"]
[Round "4.8"]
[White "Schober, Ralf"]
[Black "Klettke, Wolfgang"]
[Result "1-0"]
[ECO "B21"]
[WhiteElo "2090"]
[BlackElo "2008"]
[Annotator "NA RC"]
[PlyCount "68"]
[EventDate "2024.06.25"]
[EventType "swiss"]
[EventCountry "GER"]
[SourceTitle "playchess.com"]
[Source "ChessBase"]
[SourceQuality "1"]
[TimeControl "40/5400+30:1800+30"]

1. e4 c5 2. Nc3 Nc6 3. Bb5 g6 4. Bxc6 dxc6 5. d3 Bg7 6. f4 Nf6 7. Nf3 Bg4 8. O-O O-O 9. Qe1 {[%emt 0:00:00] B21: Sicilian: 2 f4 and Morra Gambit.} Bxf3 10. Rxf3 e6 11. Be3 Nd7 12. Kh1 Bd4 13. Bd2 f5 14. Nd1 Bg7 15. e5 Nb6 16. Be3 Qe7 17. Qc3 Nd7 18. Nf2 Rfe8 19. Qb3 b6 $14 ({Black should try} 19... g5 $11) 20. Nh3 h6 21. Rff1 Kh7 22. Rad1 b5 23. c4 b4 24. d4 a5 25. d5 cxd5 26. cxd5 exd5 27. Qxd5 Red8 28. Qf3 Nb6 29. b3 a4 30. Qc6 Nd7 31. Rd6 Nxe5 32. fxe5 Qxe5 33. Rxd8 Rxd8 34. Qxc5 axb3 1-0

[Event "Seniors-LEM-65 Sachsen-Anhalt 2024"]
[Site "Magdeburg"]
[Date "2024.07.04"]
[Round "4.9"]
[White "Waagener, Ulrich"]
[Black "Christen, Pierre"]
[Result "1/2-1/2"]
[ECO "D00"]
[WhiteElo "2080"]
[BlackElo "1946"]
[Annotator "NA RC"]
[PlyCount "37"]
[EventDate "2024.06.25"]
[EventType "swiss"]
[EventCountry "GER"]
[SourceTitle "playchess.com"]
[Source "ChessBase"]
[SourceQuality "1"]
[TimeControl "40/5400+30:1800+30"]

1. d4 d5 2. Bg5 h6 3. Bh4 Nf6 4. Bxf6 exf6 5. e3 Bd6 6. Bd3 O-O 7. Nc3 c6 8. Qf3 Re8 9. Nge2 Nd7 10. O-O-O Nf8 11. Nf4 Qd7 12. h3 b5 13. e4 Bxf4+ 14. Qxf4 b4 15. Na4 Ng6 16. Qf3 Nh4 17. Qf4 Ng6 18. Qf3 Nh4 19. Qf4 1/2-1/2

[Event "Seniors-LEM-65 Sachsen-Anhalt 2024"]
[Site "Magdeburg"]
[Date "2024.07.04"]
[Round "4.10"]
[White "Krueger, Wolfgang"]
[Black "Richter, Rainer"]
[Result "1/2-1/2"]
[ECO "B24"]
[WhiteElo "2054"]
[BlackElo "1981"]
[Annotator "NA RC"]
[PlyCount "35"]
[EventDate "2024.06.25"]
[EventType "swiss"]
[EventCountry "GER"]
[SourceTitle "playchess.com"]
[Source "ChessBase"]
[SourceQuality "1"]
[TimeControl "40/5400+30:1800+30"]

1. e4 c5 2. Nc3 e6 3. g3 Nc6 4. Bg2 Rb8 5. a4 a6 6. Nge2 b5 7. axb5 axb5 8. d4 b4 9. Nb1 cxd4 10. Nxd4 Nxd4 11. Qxd4 Ne7 12. Bf4 Nc6 13. Qd3 e5 14. Be3 Be7 15. O-O O-O 16. Rd1 $11 Qc7 17. Nd2 d6 18. Nc4 1/2-1/2

[Event "Seniors-LEM-65 Sachsen-Anhalt 2024"]
[Site "Magdeburg"]
[Date "2024.07.04"]
[Round "4.11"]
[White "Heise, Juergen"]
[Black "Koehler, Gerhard"]
[Result "0-1"]
[ECO "A30"]
[WhiteElo "1930"]
[BlackElo "2204"]
[Annotator "RC"]
[PlyCount "36"]
[EventDate "2024.06.25"]
[EventType "swiss"]
[EventCountry "GER"]
[SourceTitle "playchess.com"]
[Source "ChessBase"]
[SourceQuality "1"]
[TimeControl "40/5400+30:1800+30"]

1. b3 Nf6 2. Bb2 c5 3. c4 Nc6 4. g3 e6 5. Nc3 d5 6. Bg2 Be7 7. e3 Nb4 8. Kf1 O-O 9. Qe2 dxc4 10. bxc4 Nd3 11. Rb1 Rb8 12. Ba1 b6 13. Ne4 Ba6 14. Nxf6+ Bxf6 15. Bxf6 gxf6 16. Be4 Bxc4 17. Bxh7+ Kh8 18. Kg2 Nf4+ 0-1

[Event "Seniors-LEM-65 Sachsen-Anhalt 2024"]
[Site "Magdeburg"]
[Date "2024.07.04"]
[Round "4.12"]
[White "Andersen, Knut"]
[Black "Luebeck, Stephan"]
[Result "1/2-1/2"]
[ECO "E94"]
[WhiteElo "2104"]
[BlackElo "1942"]
[Annotator "NA RC"]
[PlyCount "120"]
[EventDate "2024.06.25"]
[EventType "swiss"]
[EventCountry "GER"]
[SourceTitle "playchess.com"]
[Source "ChessBase"]
[SourceQuality "1"]
[TimeControl "40/5400+30:1800+30"]

1. d4 Nf6 2. Nf3 g6 3. c4 Bg7 4. Nc3 O-O 5. e4 d6 6. h3 e5 7. dxe5 dxe5 8. Qxd8 Rxd8 9. Be2 c6 10. Be3 Na6 11. O-O Nh5 12. Rfd1 Re8 13. g4 Nf4 14. Bf1 f5 $19 15. Nh2 fxg4 16. hxg4 Nc7 17. Ne2 Nce6 18. Rd2 Nxe2+ 19. Bxe2 Nd4 20. Bd1 Be6 21. Rc1 c5 22. Kg2 Bd7 23. Nf1 Bc6 24. Ng3 Rad8 25. f3 Ne6 26. Rd5 Nf4+ 27. Kf1 b6 28. Rxd8 Rxd8 29. Be2 Ne6 30. Kf2 Bf6 31. Rh1 Bg5 32. Bxg5 Nxg5 33. Ke3 Ne6 34. Rd1 Rd4 35. Rxd4 cxd4+ 36. Kd2 a5 37. b3 Kf7 38. a3 Kf6 39. b4 Kg5 40. Nh1 h5 41. c5 bxc5 42. Bc4 Nc7 43. bxa5 hxg4 44. fxg4 Bxe4 45. Nf2 Bd5 46. Bxd5 Nxd5 47. Kd3 Kf4 48. Kc4 Nc7 49. Kxc5 Ke3 50. Nd1+ Ke2 51. Nb2 d3 52. Kc6 Na6 53. Kb6 e4 54. Kxa6 e3 55. Kb6 d2 56. a6 d1=Q 57. Nxd1 Kxd1 58. a7 e2 59. a8=Q e1=Q 60. Qf3+ Kc2 1/2-1/2

[Event "Seniors-LEM-65 Sachsen-Anhalt 2024"]
[Site "Magdeburg"]
[Date "2024.07.04"]
[Round "4.14"]
[White "Costello, Colin A"]
[Black "Ruether, Rudolf"]
[Result "0-1"]
[ECO "A29"]
[WhiteElo "1911"]
[BlackElo "2065"]
[Annotator "NA RC"]
[PlyCount "82"]
[EventDate "2024.06.25"]
[EventType "swiss"]
[EventCountry "GER"]
[SourceTitle "playchess.com"]
[Source "ChessBase"]
[SourceQuality "1"]
[TimeControl "40/5400+30:1800+30"]

1. c4 e5 2. Nc3 Nf6 3. Nf3 Nc6 4. d3 d5 5. cxd5 Nxd5 6. g3 Be7 7. Bg2 Be6 8. O-O O-O 9. Bd2 Qd7 10. Rc1 f6 11. Ne4 Rad8 12. Qc2 Ndb4 13. Bxb4 Nxb4 14. Qxc7 Nxa2 15. Qxd7 Rxd7 16. Ra1 Rc8 17. Rxa2 Bxa2 $17 18. Bh3 Rdc7 19. Bxc8 Rxc8 20. Ra1 Be6 21. Nc3 a6 22. Kg2 Bb4 23. Rc1 Kf7 24. Kf1 a5 25. Ra1 Bh3+ 26. Kg1 Bxc3 27. bxc3 Rxc3 28. Ne1 a4 29. f4 a3 30. fxe5 b5 31. Nf3 b4 32. Kf2 Be6 33. Nd4 fxe5 34. Nxe6 Kxe6 35. Ke3 Rc2 36. d4 a2 37. Kd3 b3 38. d5+ Kxd5 39. Rd1 e4+ 40. Ke3+ Ke5 41. g4 b2 0-1

[Event "Seniors-LEM-65 Sachsen-Anhalt 2024"]
[Site "Magdeburg"]
[Date "2024.07.04"]
[Round "4.15"]
[White "Matthey, Harald"]
[Black "Krieg, Peter"]
[Result "0-1"]
[ECO "D02"]
[WhiteElo "2064"]
[BlackElo "1920"]
[Annotator "NA RC"]
[PlyCount "76"]
[EventDate "2024.06.25"]
[EventType "swiss"]
[EventCountry "GER"]
[SourceTitle "playchess.com"]
[Source "ChessBase"]
[SourceQuality "1"]
[TimeControl "40/5400+30:1800+30"]

1. Nf3 Nf6 2. g3 g6 3. Bg2 Bg7 4. O-O O-O 5. d4 d5 6. Nbd2 b6 7. Ne5 Bb7 8. c4 e6 9. e3 Nbd7 10. f4 Qc8 11. b4 dxc4 12. Nc6 $15 (12. Bxb7 $11 {should be considered.} Qxb7 13. Ndxc4) 12... Re8 13. Nxc4 Nd5 14. b5 a6 15. Qb3 axb5 16. Qxb5 Ba6 17. Qb3 Nc5 18. Qc2 Bb5 19. N6e5 Na6 20. a4 Nab4 21. Qb3 Bxe5 22. fxe5 Qa6 23. axb5 Qxa1 24. e4 Qxd4+ 25. Kh1 Qc3 26. Qd1 Qxc4 27. exd5 Nxd5 28. Qf3 Re7 29. Bg5 Rd7 30. h4 h5 31. Rc1 Qd4 32. Re1 Ra1 33. Qe2 Rxe1+ 34. Qxe1 Qc3 35. Bd2 Qd3 36. Bf1 Qf5 37. Kh2 Qc2 38. Bg2 Qb2 0-1

[Event "Seniors-LEM-65 Sachsen-Anhalt 2024"]
[Site "Magdeburg"]
[Date "2024.07.04"]
[Round "4.16"]
[White "Haase, Reinhard"]
[Black "Niebuhr, Gerd"]
[Result "1-0"]
[ECO "E11"]
[WhiteElo "2044"]
[BlackElo "1917"]
[Annotator "NA RC"]
[PlyCount "67"]
[EventDate "2024.06.25"]
[EventType "swiss"]
[EventCountry "GER"]
[SourceTitle "playchess.com"]
[Source "ChessBase"]
[SourceQuality "1"]
[TimeControl "40/5400+30:1800+30"]

1. d4 Nf6 2. c4 e6 3. g3 Bb4+ 4. Bd2 Qe7 5. Bg2 Nc6 6. Nf3 Bxd2+ 7. Nbxd2 O-O 8. O-O d6 9. e4 e5 10. d5 Nb8 11. h3 a5 12. Ne1 {[%emt 0:02:04] E11: Bogo-Indian.} Na6 13. Nd3 Nd7 14. a3 Nac5 15. Nxc5 Nxc5 16. b4 axb4 17. axb4 Rxa1 18. Qxa1 Na6 19. Qc3 f5 20. Kh2 f4 21. Nf3 g5 22. Ne1 Qf6 23. c5 h5 $14 (23... g4 $11) 24. Rg1 Qe7 25. Nd3 f3 26. Bf1 Bd7 27. c6 bxc6 28. dxc6 Bc8 29. b5 Nc5 30. Nxc5 dxc5 31. Bc4+ Kg7 32. Bb3 g4 33. h4 Rd8 34. Bd5 1-0

[Event "Seniors-LEM-65 Sachsen-Anhalt 2024"]
[Site "Magdeburg"]
[Date "2024.07.04"]
[Round "4.17"]
[White "Kopp, Peter"]
[Black "Albert, Gerhard"]
[Result "0-1"]
[ECO "A07"]
[WhiteElo "2014"]
[BlackElo "1888"]
[Annotator "NA RC"]
[PlyCount "62"]
[EventDate "2024.06.25"]
[EventType "swiss"]
[EventCountry "GER"]
[SourceTitle "playchess.com"]
[Source "ChessBase"]
[SourceQuality "1"]
[TimeControl "40/5400+30:1800+30"]

1. Nf3 d5 2. g3 Nf6 3. Bg2 e6 4. d3 Bb4+ 5. c3 Be7 6. Nbd2 {[%emt 0:00:17] A07: Réti Opening: New York and Capablanca Systems.} O-O 7. O-O Nbd7 8. e4 Nc5 9. e5 Nfd7 10. Qe2 c6 11. d4 Na6 12. h4 Nc7 13. Re1 b6 14. Bf1 Ba6 15. Qd1 Bxf1 16. Nxf1 c5 17. Bg5 b5 18. N1h2 h6 19. Bxe7 Qxe7 20. Ng4 Rfb8 21. Qd2 a5 22. dxc5 Nxc5 23. Nd4 Qf8 24. f3 Rb6 25. Kg2 Rab8 26. Nf2 N7a6 27. b4 axb4 28. cxb4 Na4 29. Nd3 Rc8 30. Rac1 Rc4 31. a3 Rxd4 $19 0-1

[Event "Seniors-LEM-65 Sachsen-Anhalt 2024"]
[Site "Magdeburg"]
[Date "2024.07.04"]
[Round "4.19"]
[White "Manthey, Wolfgang"]
[Black "Poetke, Dan-Peter"]
[Result "0-1"]
[ECO "D05"]
[WhiteElo "1888"]
[BlackElo "1968"]
[Annotator "NA RC"]
[PlyCount "78"]
[EventDate "2024.06.25"]
[EventType "swiss"]
[EventCountry "GER"]
[SourceTitle "playchess.com"]
[Source "ChessBase"]
[SourceQuality "1"]
[TimeControl "40/5400+30:1800+30"]

1. d4 Nf6 2. Nf3 d5 3. e3 e6 4. Bd3 c5 5. b3 Qc7 6. Qe2 Nc6 7. Bb2 cxd4 8. exd4 Bb4+ 9. c3 Bd6 10. O-O O-O 11. Na3 a6 12. c4 Re8 13. Ne5 Nxd4 14. Bxd4 Bxa3 15. Qe3 Bd6 16. Rac1 $11 Qd8 17. c5 Bc7 18. f4 Nd7 19. Qh3 f5 20. Rf3 Nxe5 21. fxe5 Bd7 22. Qh5 Qe7 23. Rh3 g6 24. Qf3 Rf8 25. c6 Bxc6 26. Bc5 Qg5 27. Be3 f4 28. Bc5 Rf7 29. Bd6 d4 30. Be4 Bxe4 31. Qxe4 f3 32. Qc2 Qe3+ 33. Kh1 d3 34. Qc4 Bxd6 35. exd6 f2 36. Rf1 Qe2 37. Qc1 d2 38. Qc4 Qxc4 39. bxc4 d1=Q 0-1

[Event "Seniors-LEM-65 Sachsen-Anhalt 2024"]
[Site "Magdeburg"]
[Date "2024.07.04"]
[Round "4.20"]
[White "Renner, Bernd"]
[Black "Schulz, Hans-Werner"]
[Result "1/2-1/2"]
[ECO "B54"]
[WhiteElo "1997"]
[BlackElo "1896"]
[Annotator "NA RC"]
[PlyCount "71"]
[EventDate "2024.06.25"]
[EventType "swiss"]
[EventCountry "GER"]
[SourceTitle "playchess.com"]
[Source "ChessBase"]
[SourceQuality "1"]
[TimeControl "40/5400+30:1800+30"]

1. e4 c5 2. Nf3 a6 3. d4 cxd4 4. Nxd4 d6 5. c4 g6 6. Nc3 {[%emt 0:00:18] B54: Sicilian: 2...d6 3 d4 cxd4 4 Nxd4, Unusual Lines .} Bg7 7. Be3 Qa5 8. Be2 Bd7 9. O-O Nf6 10. f3 O-O 11. Qe1 Nc6 12. Nb3 Qd8 13. Qf2 Ne5 14. Rac1 Rc8 15. Nd5 Nxd5 16. cxd5 Ba4 17. Nd4 Nd7 18. b3 Bxd4 19. Bxd4 Bb5 20. Bxb5 axb5 21. Rc2 Qa5 22. Rfc1 Rxc2 23. Rxc2 f6 24. h3 Ra8 $16 25. Kh2 Qd8 26. Qe2 Qa5 27. Qd1 Kf7 28. Qc1 b6 29. Be3 g5 30. Bd2 Qa6 31. Be3 Rb8 32. g3 b4 33. Kg2 Ra8 34. Qd2 Qb5 35. Rc4 Qa5 36. Rc2 1/2-1/2

[Event "Seniors-LEM-65 Sachsen-Anhalt 2024"]
[Site "Magdeburg"]
[Date "2024.07.04"]
[Round "4.21"]
[White "Cordes, Lothar"]
[Black "Onasch, Gunnar"]
[Result "1-0"]
[ECO "D58"]
[WhiteElo "1858"]
[BlackElo "1949"]
[Annotator "NA RC"]
[PlyCount "129"]
[EventDate "2024.06.25"]
[EventType "swiss"]
[EventCountry "GER"]
[SourceTitle "playchess.com"]
[Source "ChessBase"]
[SourceQuality "1"]
[TimeControl "40/5400+30:1800+30"]

1. d4 d5 2. c4 e6 3. Nc3 Nf6 4. Bg5 Be7 5. Nf3 O-O 6. e3 h6 7. Bh4 b6 8. Rc1 Bb7 9. Bxf6 Bxf6 10. cxd5 exd5 11. Bd3 c5 12. O-O Nd7 13. Bb1 Be7 {[%emt 0:00:30] D58: Queen's Gambit Declined: Tartakower Defence.} 14. dxc5 Nxc5 15. Qc2 g6 16. Rfd1 Rc8 17. Nd4 Qd7 18. b4 Ne4 19. Qb3 Rxc3 20. Rxc3 $11 Nxc3 21. Qxc3 Rc8 22. Qb3 a6 23. h3 Rc7 24. Ne2 Qb5 25. Nc3 Qxb4 26. Nxd5 Bxd5 27. Qxd5 Qc5 28. Qa8+ Kg7 29. Qxa6 b5 30. Qa5 Ra7 31. Qd2 Bf6 32. Rc1 Qe7 33. Qd5 b4 34. Bd3 Bc3 35. Bc4 Rd7 36. Qf3 Qc5 37. Bb3 Qe7 38. a4 Qe5 39. Rd1 Rxd1+ 40. Qxd1 Qc7 41. Qd5 Be5 42. Qc4 Qe7 43. a5 Bb8 44. a6 Ba7 45. Kf1 Bc5 46. Ke2 Kf8 47. Qd5 Qa7 48. Qb7 Qxb7 49. axb7 Bd6 50. Kd3 Ke7 51. Kc4 f6 52. Kb5 Kd7 53. Kb6 Bb8 54. f4 g5 55. g3 Kd8 56. fxg5 fxg5 57. e4 Ke7 58. e5 Kd8 59. e6 Ke7 60. g4 Kd8 61. Kc5 Kc7 62. Kd5 Kd8 63. Ke4 Bd6 64. Kf5 Kc7 65. Kf6 1-0

[Event "Seniors-LEM-65 Sachsen-Anhalt 2024"]
[Site "Magdeburg"]
[Date "2024.07.04"]
[Round "4.22"]
[White "Eberhardt, Michael"]
[Black "Wolff, Stefan"]
[Result "0-1"]
[ECO "B22"]
[WhiteElo "1801"]
[BlackElo "1956"]
[Annotator "NA RC"]
[PlyCount "68"]
[EventDate "2024.06.25"]
[EventType "swiss"]
[EventCountry "GER"]
[SourceTitle "playchess.com"]
[Source "ChessBase"]
[SourceQuality "1"]
[TimeControl "40/5400+30:1800+30"]

1. e4 c5 2. c3 d5 3. exd5 Qxd5 4. d4 Nc6 5. Nf3 cxd4 6. cxd4 e5 $14 7. Nc3 Bb4 8. a3 Bxc3+ 9. bxc3 e4 10. Nd2 Nf6 11. Be2 O-O 12. O-O b6 13. f3 Nxd4 14. Bc4 Qc5 15. Kh1 Nxf3 16. gxf3 e3 17. Be2 Qxc3 18. Nb3 Bf5 19. Bxe3 Qxe3 20. Nd4 Bh3 21. Re1 Rad8 22. Bf1 Qf4 23. Bxh3 Rxd4 24. Qe2 Rd2 25. Qe5 Rxh2+ 26. Kg1 Qxe5 27. Rxe5 Rxh3 28. Kg2 Rh5 29. Re7 Ra5 30. Rc1 Nd5 31. Rd7 g5 32. Kg3 Kg7 33. Rd1 Nf6 34. R7d6 Rxa3 0-1

[Event "Seniors-LEM-65 Sachsen-Anhalt 2024"]
[Site "Magdeburg"]
[Date "2024.07.04"]
[Round "4.23"]
[White "Schmidt, Gerhard"]
[Black "Wolke, Reimund"]
[Result "1-0"]
[ECO "B14"]
[WhiteElo "2112"]
[BlackElo "1871"]
[Annotator "RC"]
[PlyCount "87"]
[EventDate "2024.06.25"]
[EventType "swiss"]
[EventCountry "GER"]
[SourceTitle "playchess.com"]
[Source "ChessBase"]
[SourceQuality "1"]
[TimeControl "40/5400+30:1800+30"]

1. d4 Nf6 2. Nf3 d5 3. c4 e6 4. Nc3 Be7 5. Bg5 O-O 6. e3 c5 7. Be2 Nc6 8. O-O cxd4 9. exd4 Bd7 10. a3 Rc8 11. Rc1 dxc4 12. Bxc4 Nd5 13. Bxe7 Ncxe7 14. Bxd5 exd5 15. Qb3 Bc6 16. Rfe1 Qd6 17. Ne5 Nf5 18. Qd1 Rfe8 19. Qd3 Qf6 20. b4 Red8 21. b5 Be8 22. Nxd5 Qg5 23. Rxc8 Rxc8 24. Qxf5 Rc1 25. Nf3 Rxe1+ 26. Nxe1 Qd8 27. h3 Bxb5 28. Nc3 Bd7 29. Qd5 Qc8 30. Qc5 Qe8 31. Nf3 h6 32. Qxa7 Qc8 33. Qc5 Qb8 34. Ne5 Be6 35. Nd5 Qd8 36. Nf4 Bf5 37. Nd5 Be6 38. Ne3 Qg5 39. Kf1 f6 40. Qe7 Ba2 41. Qe8+ Kh7 42. Nf3 Qf4 43. Qc8 b5 44. Qc2+ 1-0